 Dungeon Crawl Stone Soup version 0.23.1 (webtiles) character file.

Game seed: 0

186 Fang the Skirmisher (level 5, -19/51 HPs)
             Began as a Gargoyle Berserker on Mar 19, 2019.
             Was a Priest of Trog.
             Demolished by an ogre
             ... wielding a +0 giant club
              (22 damage)
             ... on level 4 of the Dungeon.
             The game lasted 00:04:49 (2771 turns).

Fang the Skirmisher (Gargoyle Berserker)            Turns: 2771, Time: 00:04:50

Health: -19/51     AC: 10    Str: 26    XL:     5   Next: 65%
Magic:  5/5        EV: 10    Int:  8    God:    Trog [***...]
Gold:   146        SH:  0    Dex:  9    Spells: 4/4 levels left

rFire    + . .     SeeInvis .   a - +1 hand axe
rCold    . . .     Gourm    .   (no shield)
rNeg     + . .     Faith    .   g - +0 scale mail
rPois    ∞         Spirit   .   (no helmet)
rElec    +         Reflect  .   (no cloak)
rCorr    +         Harm     .   (no gloves)
MR       .....                  (no boots)
Stlth    ..........             (no amulet)
HPRegen  0.17/turn              n - ring of resist corrosion
MPRegen  0.09/turn              b - ring of protection from fire

@: berserking, heavily drained, very quick
A: negative energy resistance 1, electricity resistance, unbreathing,
petrification resistance, rot immunity, AC +4
a: Berserk, Trog's Hand, Renounce Religion


You were on level 4 of the Dungeon.
You worshipped Trog.
Trog was most pleased with you.
You were very hungry.

You visited 1 branch of the dungeon, and saw 4 of its levels.

You collected 146 gold pieces.

Inventory:

Hand Weapons
 a - a +1 hand axe (weapon)
Armour
 g - a +0 scale mail (worn)
Jewellery
 b - a ring of protection from fire (right hand)
 n - a ring of resist corrosion (left hand)
Scrolls
 d - 2 scrolls of remove curse
 e - a scroll of magic mapping {unknown}
 f - 2 scrolls of identify {unknown}
 h - a scroll of noise {unknown}
 l - 2 scrolls of teleportation {unknown}
Potions
 i - a potion of cancellation {unknown}
 j - 3 potions of curing {unknown}
 k - 2 potions of agility {unknown}
 m - a potion of heal wounds {unknown}
Comestibles
 c - 5 rations


   Skills:
 + Level 4.4(2.7) Fighting
 + Level 3.5(1.9) Axes
 + Level 3.5(1.9) Armour
 + Level 2.7(1.1) Dodging


You had 4 spell levels left.
You didn't know any spells.
Your spell library was empty.

Dungeon Overview and Level Annotations

Branches:
Dungeon (4/15)
 Temple: D:4-7

Altars:
Elyvilon
Kikubaaqudgha
Makhleb
Ru
Sif Muna
Xom


Innate Abilities, Weirdness & Mutations

You are resistant to torment.
Your stone body is resilient. (AC +4)
You are immune to poison.
You resist negative energy. (rN+)
You are resistant to electric shocks. (rElec)
You can survive without breathing.
You are immune to petrification.
You are immune to rotting.


Message History

You hit the worker ant. The worker ant barely misses you.
The ogre hits you with a +0 giant club!!
Ouch! That really hurt!
* * * LOW HITPOINT WARNING * * *
The worker ant barely misses you.
You are too injured to fight recklessly!
You are too injured to fight recklessly!
You are too injured to fight recklessly!
You are too injured to fight recklessly!
You are too injured to fight recklessly!
You are too injured to fight recklessly!
You are too injured to fight recklessly!
You are too injured to fight recklessly!
You are too injured to fight recklessly!
You are too injured to fight recklessly!
A red film seems to cover your vision as you go berserk!
You feel yourself moving faster!
You feel mighty!
You are feeling very hungry.
The ogre hits you with a +0 giant club!!
You die...

# ####### ###
..#...... ..#
........## #.#
.........## #.#
...<..a...# #.#.#
###.O@..## #.#.#
.$....†....###.#.#
...........#...#.#
...[.............#
..............._.####
...................>#
.............8......#
..................#.#
.......#._.....##.#


You could see an ogre and a worker ant.

Vanquished Creatures
  An ogre (D:4)
  An adder (D:3)
  An ooze (D:3)
  2 worms (D:2)
  3 dart slugs
  2 leopard geckos
  An orc (D:3)
  6 giant cockroaches
  10 goblins
  9 hobgoblins
  8 jackals
  6 kobolds
  3 quokkas (D:3)
  2 ball pythons (D:3)
  7 bats
  4 frilled lizards
  3 rats
69 creatures vanquished.

Notes
Turn   | Place    | Note
-------+----------+-------------------------------------------
     0 | D:1      | Fang the Gargoyle Berserker began the quest for the Orb.
     0 | D:1      | Reached XP level 1. HP: 14/14 MP: 1/1
   130 | D:1      | Reached XP level 2. HP: 12/19 MP: 2/2
   507 | D:1      | Reached XP level 3. HP: 23/23 MP: 3/3
   640 | D:2      | Reached ** piety under Trog
  1512 | D:2      | Found a deep blue altar of Sif Muna.
  1623 | D:3      | Reached XP level 4. HP: 29/29 MP: 4/4
  1802 | D:3      | Reached skill level 4 in Fighting
  2229 | D:3      | Found a shimmering altar of Xom.
  2231 | D:3      | Found a white marble altar of Elyvilon.
  2231 | D:3      | Found an ancient bone altar of Kikubaaqudgha.
  2233 | D:3      | Found a shimmering altar of Xom.
  2233 | D:3      | Found a shimmering altar of Xom.
  2233 | D:3      | Found a sacrificial altar of Ru.
  2366 | D:4      | Reached *** piety under Trog
  2417 | D:4      | Noticed an ogre
  2418 | D:4      | Found a burning altar of Makhleb.
  2426 | D:4      | Killed an ogre
  2426 | D:4      | Reached XP level 5. HP: 15/34 MP: 5/5
  2746 | D:4      | Found a white marble altar of Elyvilon.
  2763 | D:4      | Noticed an ogre
  2771 | D:4      | Demolished by an ogre

Skill      XL: |  1  2  3  4 |
---------------+-------------+-----
Dodging        | 2 |  2.7
Axes           | 3 |  3.5
Armour         | 3 |  3.5
Fighting       | 4 |  4.4

Action                   |  1- 3 |  4- 6 || total
-------------------------+-------+-------++-------
Melee: Hand axe          |   123 |   105 ||   228
Invok: Berserk           |       |     2 ||     2
  Use: Scroll            |       |     2 ||     2
  Eat: Chunk             |     2 |     5 ||     7
Armor: Animal skin       |    18 |       ||    18
       Scale mail        |    48 |    55 ||   103
Dodge: Dodged            |    79 |    62 ||   141
